 Dungeon Crawl Stone Soup version 0.31.0-11-ge490571c62 (webtiles) character file.

Game seed: 9186846202649107740

2 Goblin1989 the Sneak (level 1, 0/18 HPs)
             Began as a Demonspawn Delver on Feb 2, 2024.
             Was an Initiate of Cheibriados.
             Killed by divine providence
             ... invoked by an orc priest
              (12 damage)
             ... on level 5 of the Dungeon.
             The game lasted 00:00:58 (74 turns).

Goblin1989 the Sneak (Demonspawn Delver)              Turns: 74, Time: 00:00:59

Health: 0/18       AC:  3    Str: 13    XL:     1   Next: 25%
Magic:  1/1        EV: 11    Int: 11    God:    Cheibriados [......]
Gold:   20         SH:  0    Dex: 15    Spells: 0/0 levels left

rFire   . . .        h - +0 whip
rCold   . . .        (no shield)
rNeg    . . .        b - +0 leather armour
rPois   .            (no helmet)
rElec   .            (no cloak)
rCorr   .            (no gloves)
SInv    .            (no boots)
Will    .....        (no amulet)
Stlth   +++          (no ring)
HPRegen 0.23/turn    (no ring)
MPRegen 0.07/turn

%: no passive effects
@: slow
A: no striking features
a: Renounce Religion


You were on level 5 of the Dungeon.
You worshipped Cheibriados.
Cheibriados was noncommittal.
You visited 1 branch of the dungeon, and saw 1 of its levels.

You collected 20 gold pieces.

Inventory:

Hand Weapons
 h - a +0 whip (weapon)
Armour
 b - a +0 leather armour (worn)
Wands
 g - a wand of digging (3) {@v3}
Scrolls
 c - a scroll of fog
 d - a scroll of revelation
 e - a scroll of fear
Potions
 f - a potion of haste {@q3,}


   Skills:
 - Level 3.0 Fighting
 + Level 2.0 Maces & Flails
 - Level 1.7 Dodging
 - Level 4.5 Stealth


You couldn't memorise any spells.
You didn't know any spells.
Your spell library was empty.

Dungeon Overview and Level Annotations

Branches:
Dungeon (5/15) Zot: 8890
 Temple: D:4-7

Altars:
Cheibriados
Makhleb


Message History

Bad monster_list_colour key: strict_neutral Options error: Unknown explore stop condition 'gates' (Goblin1989.rc:83) Welcome, Goblin1989 the Demonspawn Delver.
It's a long way down to the Orb of Zot, but that shouldn't be any trouble.
Press ? for a list of commands and other information.
Found 20 gold pieces and a whip.
Found a stone staircase leading down.
You now have 15 gold pieces.
You see here a +0 whip.
h - a +0 whip
h - a +0 whip (weapon)
You drop a +0 mace.
An orc comes into view. It is wielding a +0 mace.
The orc shouts!
You hear a shout! x2
Found a helmet.
You see here 5 gold pieces.
You now have 20 gold pieces (gained 5).
You barely miss the orc. The orc barely misses you.
You barely miss the orc. The orc misses you.
You barely miss the orc. The orc hits you with a +0 mace.
You take 2 damage, and have 16/18 hp.
You closely miss the orc. The orc misses you.
You barely miss the orc. The orc hits you with a +0 mace.
You take 4 damage, and have 12/18 hp.
MASSIVE DAMAGE!!
You hit the orc but do no damage. The orc hits you with a +0 mace.
* * * LOW HITPOINT WARNING * * *
You take 5 damage, and have 7/18 hp.
MASSIVE DAMAGE!!
You hit the orc.
The orc is almost dead.
The orc hits you with a +0 mace.
* * * LOW HITPOINT WARNING * * *
You take 2 damage, and have 5/18 hp.
You barely miss the orc.
The orc is almost dead.
The orc hits you but does no damage.
You barely miss the orc.
The orc is almost dead.
The orc barely misses you.
You hit the orc.
You kill the orc!
Your Maces & Flails skill increases to level 2!
You see here a +0 mace.
You start resting.
An orc comes into view. It is wielding a +0 short sword.
You regained 2 hp, and now have 8/18 hp. 2 orcs come into view.
The orc moves out of view.
You see here a +0 mace.
An orc is nearby!
An orc priest comes into view. It is wielding a +0 club.
The orc priest moves out of view.
You start resting.
An orc wizard comes into view. It is wielding a +0 dagger.
An orc comes into view. It is wielding a +0 club.
Found a snail-covered altar of Cheibriados.
A quokka comes into view.
Found a burning altar of Makhleb.
The quokka moves out of view.
You see here a +0 helmet.
An orc wizard comes into view. It is wielding a +0 dagger.
The orc wizard shouts!
An orc wizard comes into view. It is wielding a +0 dagger.
The quokka barely misses you.
The orc wizard moves out of view.
Found 6 boomerangs.
The quokka bites you but does no damage.
The quokka attacks as it pursues you!
The quokka bites you but does no damage.
There is a snail-covered altar of Cheibriados here.
You kneel at the altar of Cheibriados.
Cheibriados welcomes you!
Cheibriados begins to support your attributes as your movement slows.
Cheibriados is now slowing the effects of poison on you.
The quokka bites you.
The orc wizard gestures at you while chanting.
You are confused.
The quokka bites you but does no damage.
The orc wizard shouts!
You take 1 damage, and have 13/18 hp.
The orc wizard shouts!
The quokka closely misses you.
The quokka bites you but does no damage.
An adder comes into view.
The orc wizard mumbles some strange words.
The orc wizard flickers and vanishes!
Deactivating autopickup; reactivate with Ctrl-A.
You hear a shout!
You feel less confused.
The orc wizard casts a spell.
The orc wizard flickers and vanishes!
You miss the quokka. The quokka closely misses you. The quokka bites you.
You take 2 damage, and have 12/18 hp.
You hit the quokka.
The quokka is heavily wounded.
The orc priest invokes the aid of Beogh against you.
Beogh smites you!
Ouch! That really hurt!
You die...

......)......██.......█.█
.████.█.█...[....o......
. .....█....██......██.█
███.███.█.............█
..o...█......⌂8⌂..██
██...........o....█
................██
........█.█r█..██
█.███.█.█@█..█ █........█
█.█..(█..█ ....█.█..█
.█...... .█ █...... ..
███ ███ .█ ..


You could see an orc priest, an orc wizard and a quokka.

Vanquished Creatures
  An orc (D:5)
1 creature vanquished.

Notes
Turn   | Place    | Note
-------+----------+-------------------------------------------
     0 | D:5      | Goblin1989 the Demonspawn Delver began the quest for the
                  | Orb.
     0 | D:5      | Reached XP level 1. HP: 18/18 MP: 1/1
    51 | D:5      | Noticed an orc priest
    59 | D:5      | Noticed an orc wizard
    60 | D:5      | Found a snail-covered altar of Cheibriados.
    62 | D:5      | Found a burning altar of Makhleb.
    65 | D:5      | Noticed an orc wizard
    65 | D:5      | Noticed an orc wizard
    68 | D:5      | Became a worshipper of Cheibriados the Contemplative
    74 | D:5      | Killed from afar by an orc priest

Illustrated notes

Levels and vault maps discovered:
D:5:      layout_basic, chequers_temple_overflow_statue_of_worship,
          grunt_ministairs_2, minmay_chambers_of_fives

Skill      XL: |  1 |
---------------+----+-----
Maces & Flails | 2 |  2.0
Fighting       | |  3.0
Dodging        | |  1.7
Stealth        | |  4.5

Action                     || total
---------------------------++-------
  Melee: Whip              ||    12
 Armour: Leather armour    ||    11
  Dodge: Dodged            ||     7
